 Dungeon Crawl Stone Soup version 0.21.1-1-g345015f (webtiles) character file.

56 kae the Insei (level 3, -5/27 HPs)
             Began as a Demonspawn Transmuter on June 14, 2018.
             Slain by an iron imp (6 damage)
             ... summoned by Natasha
             ... on level 2 of the Dungeon.
             The game lasted 00:01:16 (1500 turns).

kae the Insei (Demonspawn Transmuter)               Turns: 1500, Time: 00:01:17

Health: -5/27      AC:  4    Str: 10    XL:     3   Next: 69%
Magic:  0/6        EV: 12    Int: 14    God:
Gold:   87         SH:  0    Dex: 14    Spells: 3/6 levels left

rFire    . . .     SeeInvis .     - Unarmed
rCold    . . .     Gourm    .   (no shield)
rNeg     . . .     Faith    .   b - +0 robe
rPois    .         Spirit   +   (no helmet)
rElec    .         Reflect  .   (no cloak)
rCorr    .         Harm     .   (no gloves)
MR       .....                  (no boots)
Stlth    +.........             (no amulet)
HPRegen  0.09/turn              (no ring)
MPRegen  0.10/turn              (no ring)

@: very slightly contaminated
A: yellow scales 1, magic shield
a: no special abilities


You were on level 2 of the Dungeon.
You were hungry.

You visited 1 branch of the dungeon, and saw 2 of its levels.

You collected 87 gold pieces.

Inventory:

Missiles
 a - 13 arrows
Armour
 b - a +0 robe (worn)
Jewellery
 k - an uncursed amulet of faith {unknown}
 m - an uncursed amulet of the gourmand {unknown}
 n - an uncursed amulet of faith {unknown}
Scrolls
 e - 3 scrolls of identify {unknown}
 f - 2 scrolls of remove curse {unknown}
 j - a scroll of immolation {unknown}
Potions
 g - a potion of flight {unknown}
 h - a potion of ambrosia {unknown}
 i - a potion of curing {unknown}
Books
 c - a book of Changes

   Spells                             Type                      Level
   a - Beastly Appendage              Transmutation                1
   b - Sticks to Snakes               Transmutation                2
   c - Spider Form                    Transmutation/Poison         3
   d - Ice Form                       Ice/Transmutation            4
   e - Blade Hands                    Transmutation                5
Comestibles
 d - 3 rations


   Skills:
 + Level 1.6 Fighting
 + Level 2.1 Dodging
 * Level 3.3 Unarmed Combat
 + Level 2.4 Spellcasting
 + Level 2.1 Transmutations


You had 3 spell levels left.
You knew the following spells:

 Your Spells              Type           Power        Failure   Level  Hunger
a - Beastly Appendage     Tmut           #.....       10%         1    #......
b - Sticks to Snakes      Tmut           #.......     14%         2    ###....


Dungeon Overview and Level Annotations

Branches:
Dungeon (2/15)

Altars:

Annotations:
D:2 Natasha


Innate Abilities, Weirdness & Mutations

You are partially covered in yellow scales. (AC +2)
When hurt, damage is shared between your health and your magic reserves.


Message History

Your ball python closely misses Natasha.
The shadow imp hits your ball python.
You closely miss Natasha.
Natasha is lightly wounded.
Your ball python bites the iron imp but does no damage.
Your ball python constricts the iron imp.
Natasha claws you! The iron imp barely misses you.
Your ball python bites the shadow imp but does no damage.
Your ball python closely misses the shadow imp.
The shadow imp closely misses your ball python.
You closely miss Natasha.
Natasha is lightly wounded.
Your ball python bites the iron imp but does no damage.
Your ball python constricts the iron imp.
Natasha claws you!
* * * LOW HITPOINT WARNING * * *
Your ball python bites the shadow imp.
Your ball python grabs the shadow imp.
Your ball python constricts the shadow imp.
The iron imp hits you.
You die...

######## #......#####
#.####.....##
#.##...###..# ###########
#.##...# #..# #.........#
#.##...###@5###...#####.#
#.##......Sh5......#
#.###
#.##[..####S###...##
#.... #...........# ##.##
#.... #####.####### #.#
##.<. #.# #.# ##.# #.#
##+## #.# #.## ##...##
#.# #..# ##.....######.#


You could see an iron imp, Natasha, a shadow imp and 2 friendly ball pythons.

Vanquished Creatures
  Natasha (D:2)
  3 giant cockroaches
  6 goblins
  6 hobgoblins
  3 bats
  A frilled lizard (D:2)
  2 kobolds (D:1)
  8 rats
30 creatures vanquished.

Notes
Turn   | Place    | Note
-------+----------+-------------------------------------------
     0 | D:1      | kae the Demonspawn Transmuter began the quest for the Orb.
     0 | D:1      | Reached XP level 1. HP: 15/15 MP: 3/3
   332 | D:1      | Gained mutation: When hurt, damage is shared between your health and your magic reserves. [demonic ancestry]
   332 | D:1      | Reached XP level 2. HP: 9/21 MP: 5/5
   679 | D:1      | You fall through a shaft!
   819 | D:2      | Reached skill level 3 in Unarmed Combat
  1047 | D:2      | Learned a level 2 spell: Sticks to Snakes
  1110 | D:2      | Noticed Natasha
  1120 | D:2      | Killed Natasha
  1120 | D:2      | Gained mutation: You are partially covered in yellow scales. (AC +2) [demonic ancestry]
  1120 | D:2      | Reached XP level 3. HP: 22/26 MP: 2/6
  1211 | D:2      | Found a faded altar of an unknown god.
  1491 | D:2      | Noticed Natasha
  1500 | D:2      | HP: 1/27 [Natasha (9)]
  1500 | D:2      | Slain by an iron imp

Skill      XL: |  1  2 |
---------------+-------+-----
Dodging        | 2 |  2.1
Unarmed Combat | 3 |  3.3
Transmutations | 2 |  2.1
Fighting       | |  1.6
Spellcasting   | |  2.4

Action                   || total
-------------------------++-------
Melee: Unarmed           ||   115
       Kick              ||    13
       Headbutt          ||     2
 Cast: Beastly Appendage ||    15
       Sticks to Snakes  ||     3
 Stab: Sleeping          ||     2
  Eat: Chunk             ||     2
Armor: Robe              ||    28
Dodge: Dodged            ||    64
